 Dungeon Crawl Stone Soup version 0.31-a0-662-g684573625c (webtiles) character file.

Game seed: 5214930315424446435

5361 CowFu the Grappler (level 10, -16/76 HPs)
             Began as a Gnoll Shapeshifter on Aug 31, 2023.
             Was a High Priest of Fedhas.
             Demolished by a boulder beetle (35 damage)
             ... on level 9 of the Dungeon on Sept 1, 2023.
             The game lasted 00:16:32 (9475 turns).

CowFu the Grappler (Gnoll Shapeshifter)             Turns: 9475, Time: 00:16:33

Health: -16/76     AC: 13    Str: 24    XL:     10   Next: 65%
Magic:  18/18      EV: 13    Int: 10    God:    Fedhas [*****.]
Gold:   326        SH:  0    Dex: 11    Spells: 20/20 levels left

rFire   . .          .
                       - Unarmed
rCold   . . .        q - melded +0 kite shield
rNeg    . . .        w - +0 swamp dragon scales
rPois   +            A - +0 helmet
rElec   .            s - +0 cloak
rCorr   .            D - +0 pair of gloves
SInv    .            j - +0 pair of boots
Will    .....        o - amulet of magic regeneration
Stlth   +            k - +6 ring of strength
HPRegen 0.32/turn    G - ring of wizardry
MPRegen 0.56/turn

%: wizardry (x1)
@: flux-form, glowing
A: glow, contaminating, fangs 1, strong nose, distributed training
a: Begin Untransformation, Renounce Religion, Wall of Briars, Grow
Ballistomycete, Overgrow, Grow Oklob


You were on level 9 of the Dungeon.
You worshipped Fedhas.
Fedhas was extremely pleased with you.
You were something dangerously unstable.
You visited 1 branch of the dungeon, and saw 9 of its levels.
You also visited: Sewer.

You collected 326 gold pieces.

Inventory:

Armour
 j - a +0 pair of boots (worn)
 q - a +0 kite shield (melded)
 s - a +0 cloak (worn)
 w - +0 swamp dragon scales (worn)
 A - a +0 helmet (worn)
 D - a +0 pair of gloves (worn)
 F - +0 acid dragon scales
Jewellery
 k - a +6 ring of strength (left hand)
 o - an amulet of magic regeneration (around neck)
 G - a ring of wizardry (right hand)
Talismans
 c - a beast talisman
 d - a flux talisman (active)
 i - a serpent talisman
Wands
 a - a wand of polymorph (9)
 g - a wand of flame (6)
 h - a wand of quicksilver (11)
 l - a wand of paralysis (2)
 C - a wand of roots (10)
Scrolls
 e - 3 scrolls of teleportation
 f - 2 scrolls of amnesia
 x - 2 scrolls of blinking
 y - a scroll of revelation
Potions
 b - 2 potions of lignification
 m - a potion of might
 n - a potion of attraction
 p - 3 potions of curing
 r - 4 potions of mutation {unknown}
 t - 2 potions of haste {unknown}
 u - 2 potions of magic {unknown}
 v - 2 potions of invisibility {unknown}
 z - 3 potions of heal wounds {unknown}
 B - a potion of degeneration {unknown}
 E - 4 potions of brilliance {unknown}
 H - a potion of enlightenment {unknown}


   Skills:
 + Level 6.2 Fighting
 + Level 5.6 Short Blades
 + Level 5.6 Long Blades
 + Level 5.6 Axes
 + Level 5.6 Maces & Flails
 + Level 5.6 Polearms
 + Level 5.6 Staves
 + Level 5.6 Ranged Weapons
 + Level 5.6 Throwing
 + Level 5.6 Armour
 + Level 7.3 Dodging
 + Level 5.6 Stealth
 + Level 5.6 Shields
 + Level 8.7 Unarmed Combat
 + Level 5.6 Spellcasting
 + Level 4.6 Conjurations
 + Level 4.6 Hexes
 + Level 4.6 Summonings
 + Level 4.6 Necromancy
 + Level 4.6 Translocations
 + Level 4.6 Transmutations
 + Level 4.6 Fire Magic
 + Level 4.6 Ice Magic
 + Level 4.6 Air Magic
 + Level 4.6 Earth Magic
 + Level 4.6 Poison Magic
 + Level 6.1 Invocations
 + Level 5.6 Evocations
 + Level 8.4 Shapeshifting


You had 20 spell levels left.
You didn't know any spells.
Your spell library contained the following spells:

 Spells                   Type           Power      Damage    Failure   Level
 Sting                    Tmut/Pois      48%        1d5       1%          1
 Summon Small Mammal      Summ           48%        N/A       1%          1
 Poisonous Vapours        Pois/Air       24%        N/A       2%          2
 Call Canine Familiar     Summ           12%        N/A       6%          3
 Frozen Ramparts          Ice            24%        1d4       6%          3
 Stone Arrow              Conj/Erth      24%        3d8       6%          3
 Summon Guardian Golem    Hex/Summ       12%        N/A       6%          3
 Animate Armour           Summ/Erth      24%        N/A       19%         4
 Olgreb's Toxic Radiance  Pois           12%        N/A       19%         4
 Petrify                  Tmut/Erth      12%        N/A       19%         4
 Metabolic Englaciation   Hex/Ice        6%         N/A       45%         5
 Haunt                    Necr/Summ      6%         N/A       100%        7
 Orb of Destruction       Conj           6%         9d6       100%        7
 Spellforged Servitor     Conj/Summ      6%         N/A       100%        7
 Borgnjor's Revivificati  Necr           6%         N/A       100%        8
 Lehudib's Crystal Spear  Conj/Erth      6%         10d3      100%        8
 Death's Door             Necr           6%         N/A       100%        9


Dungeon Overview and Level Annotations

Branches:
Dungeon (9/15)             Temple (0/1) D:6            Lair (0/5) D:8
  Sewer (visited)
    Orc: D:9-12

Altars:
Fedhas
Hepliaklqana
Makhleb
Ru
Wu Jian
Xom

Shops:
D:8 [(?:[*:=

Annotations:
D:7 1 transporter, RepHenryClay's ghost, novice MiDe


Innate Abilities, Weirdness & Mutations

You are something dangerously unstable.
You glow with magical radiation, making you easy to see and hit.
Foes you strike become dangerously contaminated with magical radiation.
You are incapable of wielding weapons or throwing items.
You have very sharp teeth.
Your uncanny sense of smell can sniff out nearby items.
Your experience applies equally to all skills.


Message History

The two-headed ogre is moderately wounded.
The two-headed ogre completely misses you.
The two-headed ogre hits you with a +0 giant club.
You punch the two-headed ogre!
The two-headed ogre shudders as magic cascades through it!
The two-headed ogre twists and deforms.
The two-headed ogre is severely wounded.
You punch the two-headed ogre!
The two-headed ogre begins to glow.
The two-headed ogre is almost dead.
The two-headed ogre hits you with a +0 giant club!!
* * * LOW HITPOINT WARNING * * *
The two-headed ogre misses you.
You barely miss the two-headed ogre. You bite the two-headed ogre.
The two-headed ogre is almost dead.
You hit the two-headed ogre.
The two-headed ogre glows dangerously bright.
The two-headed ogre is almost dead.
The two-headed ogre closely misses you.
The two-headed ogre hits you with a +0 giant club!
* * * LOW HITPOINT WARNING * * *
You hit the two-headed ogre but do no damage.
The two-headed ogre shudders as magic cascades through it!
You kill the two-headed ogre!
Fedhas appreciates your contribution to the ecosystem.
Things that are here:
a +0 giant club; a +0 giant club
Found a wand of polymorph (2).
You see here a flux talisman.
r - 4 glowing sapphire potions (gained 1)
You see here a +3 quarterstaff.
Found a human corpse.
A boulder beetle comes into view.
Found a potion of attraction.
The boulder beetle curls into a ball and begins rolling!
You hit the boulder beetle.
The boulder beetle begins to glow.
You bite the boulder beetle, but do no damage.
The boulder beetle is lightly wounded.
The boulder beetle hits you!!
You die...
Fedhas appreciates your contribution to the ecosystem.

...##. ##### #.#
##...## ... ##.....##
#.##?......#
#..#.......#
#.........#
####[....).##
.......°......#
####..○#BB....#
#..○#..%...#########
#...#....)#...##...##
#.†.#<...#..........##
#.B.#.#.#.....<..)...#
#.!.#/#.#............#
#...............?#
#....#.......>..##
#....##>..##...##


You could see a boulder beetle (rolling, contam).

Vanquished Creatures
  A two-headed ogre (D:9)
  Maggie (D:6)
  A hornet (D:9)
  A wyvern (D:7)
  A vampire (D:9)
  3 steam dragons
  Menkaure (D:6)
  2 acid dragons (D:8)
  A water moccasin (D:8)
  An orc warrior (D:6)
  2 ice beasts (D:7)
  A sky beast (D:8)
  2 black bears
  2 ogres
  4 kobold brigands
  6 bullfrogs
  3 scorpions
  A wight (D:9)
  8 killer bees
  2 electric eels (D:8)
  A crimson imp (D:3)
  3 hounds
  3 jellies
  2 gnoll boudas (D:7)
  2 orc priests (D:6)
  Crazy Yiuf (D:2)
  Natasha (twice) (D:2)
  Terence (D:2)
  7 iguanas
  5 orc wizards
  12 adders
  7 gnolls
  4 river rats (D:3)
  3 white imps
  2 ufetubi
  4 worms
  A dart slug (D:2)
  31 orcs
  9 ball pythons
  5 bats
  11 endoplasms
  9 giant cockroaches
  5 goblins
  4 hobgoblins
  4 jackals (D:3)
  27 kobolds
  4 quokkas
  11 frilled lizards
  9 rats
233 creatures vanquished.

Notes
Turn   | Place    | Note
-------+----------+-------------------------------------------
     0 | D:1      | CowFu the Gnoll Shapeshifter began the quest for the Orb.
     0 | D:1      | Reached XP level 1. HP: 17/17 MP: 1/1
    52 | D:1      | Found a faded altar of an unknown god.
    67 | D:1      | Prayed at the altar of an unknown god.
    67 | D:1      | Became a worshipper of Fedhas Madash
    67 | D:1      | Reached * piety under Fedhas
    93 | D:1      | Reached XP level 2. HP: 21/23 MP: 2/2
   508 | D:2      | Reached XP level 3. HP: 20/28 MP: 2/4
   560 | D:2      | Reached skill level 1 in Invocations
   613 | D:2      | Noticed Natasha
   621 | D:2      | Killed Natasha
   622 | D:2      | Reached skill level 1 in Short Blades
   622 | D:2      | Reached skill level 1 in Long Blades
   622 | D:2      | Reached skill level 1 in Axes
   622 | D:2      | Reached skill level 1 in Maces & Flails
   622 | D:2      | Reached skill level 1 in Polearms
   622 | D:2      | Reached skill level 1 in Staves
   622 | D:2      | Reached skill level 1 in Ranged Weapons
   622 | D:2      | Reached skill level 1 in Throwing
   622 | D:2      | Reached skill level 1 in Armour
   622 | D:2      | Reached skill level 1 in Stealth
   622 | D:2      | Reached skill level 1 in Shields
   622 | D:2      | Reached skill level 1 in Spellcasting
   622 | D:2      | Reached skill level 1 in Evocations
   622 | D:2      | Reached XP level 4. HP: 28/34 MP: 5/5
   640 | D:2      | Found a sacrificial altar of Ru.
   774 | D:2      | Noticed Terence
   787 | D:2      | Killed Terence
   788 | D:2      | Reached skill level 1 in Conjurations
   788 | D:2      | Reached skill level 1 in Hexes
   788 | D:2      | Reached skill level 1 in Summonings
   788 | D:2      | Reached skill level 1 in Necromancy
   788 | D:2      | Reached skill level 1 in Translocations
   788 | D:2      | Reached skill level 1 in Transmutations
   788 | D:2      | Reached skill level 1 in Fire Magic
   788 | D:2      | Reached skill level 1 in Ice Magic
   788 | D:2      | Reached skill level 1 in Air Magic
   788 | D:2      | Reached skill level 1 in Earth Magic
   788 | D:2      | Reached skill level 1 in Poison Magic
   831 | D:2      | Reached ** piety under Fedhas
  1124 | D:2      | Noticed Natasha
  1129 | D:2      | Killed Natasha
  1130 | D:2      | Reached XP level 5. HP: 37/40 MP: 5/7
  1241 | D:2      | Found a runed translucent door.
  1242 | D:2      | Noticed Crazy Yiuf
  1252 | D:2      | Killed Crazy Yiuf
  1536 | D:3      | Found a glowing drain.
  1543 | Sewer    | Entered a sewer
  1611 | Sewer    | Reached XP level 6. HP: 47/47 MP: 8/8
  1678 | Sewer    | Reached skill level 5 in Dodging
  1684 | Sewer    | Reached *** piety under Fedhas
  1815 | Sewer    | Found a viscous altar of Jiyva.
  2002 | D:3      | Found a shimmering altar of Xom.
  2002 | D:3      | Found a burning altar of Makhleb.
  2524 | D:4      | Noticed a black bear
  2535 | D:4      | Killed a black bear
  2536 | D:4      | Reached XP level 7. HP: 11/52 MP: 10/10
  3210 | D:4      | You fall into a shaft and drop 1 floor!
  3210 | D:5      | Entered Level 5 of the Dungeon
  3511 | D:5      | Reached **** piety under Fedhas
  3563 | D:5      | Found a hazy altar of Hepliaklqana.
  3806 | D:5      | Found an ornate altar of the Wu Jian Council.
  4281 | D:4      | Reached XP level 8. HP: 60/60 MP: 12/12
  4926 | D:6      | Noticed Maggie
  4938 | D:6      | Killed Maggie
  5250 | D:6      | Identified the +1 robe of the Forsaken Friars {rPois rN++
                  | MP+9 Dex-5}
  5329 | D:6      | Noticed Menkaure
  5337 | D:6      | Killed Menkaure
  5655 | D:6      | Reached XP level 9. HP: 66/66 MP: 14/14
  6108 | D:6      | Found a staircase to the Ecumenical Temple.
  6477 | D:7      | Reached ***** piety under Fedhas
  6546 | D:7      | Reached skill level 5 in Fighting
  6867 | D:7      | Reached skill level 5 in Invocations
  7082 | D:7      | Found a transporter.
  7086 | D:7      | Noticed RepHenryClay's ghost (novice MiDe)
  7221 | D:8      | Found Quehaise's Magic Scroll Shop.
  7223 | D:8      | Found Xoigudd's Antique Weapon Boutique.
  7225 | D:8      | Found Egonuass's Assorted Antiques.
  7225 | D:8      | Found Foriol's Antique Armour Shop.
  7449 | D:8      | Found Cisuo's Armour Shop.
  7449 | D:8      | Found Higar's Book Boutique.
  7693 | D:8      | Found Tataloi's Book Shop.
  7713 | D:8      | Found a staircase to the Lair.
  7832 | D:8      | Reached XP level 10. HP: 75/75 MP: 17/17
  7991 | D:8      | Found Xykkosm's Jewellery Emporium.
  8005 | D:8      | Reached skill level 5 in Short Blades
  8005 | D:8      | Reached skill level 5 in Long Blades
  8005 | D:8      | Reached skill level 5 in Axes
  8005 | D:8      | Reached skill level 5 in Maces & Flails
  8005 | D:8      | Reached skill level 5 in Polearms
  8005 | D:8      | Reached skill level 5 in Staves
  8005 | D:8      | Reached skill level 5 in Ranged Weapons
  8005 | D:8      | Reached skill level 5 in Throwing
  8005 | D:8      | Reached skill level 5 in Armour
  8005 | D:8      | Reached skill level 5 in Stealth
  8005 | D:8      | Reached skill level 5 in Shields
  8005 | D:8      | Reached skill level 5 in Spellcasting
  8005 | D:8      | Reached skill level 5 in Evocations
  9287 | D:9      | Paralysed by a hornet for 2 turns
  9447 | D:9      | Noticed a two-headed ogre
  9458 | D:9      | Killed a two-headed ogre
  9471 | D:9      | Noticed a boulder beetle
  9475 | D:9      | Demolished by a boulder beetle

Illustrated notes

Levels and vault maps discovered:
D:1:      lightli_arrival_boilingwater, layout_basic,
          shapermc_ecumenical_altar_acropolis, serial_glass, glass_columns_b,
          glass_columns_a, due_unseen_surprise, feat_on_display,
          item_on_display_a
D:2:      layout_basic, basic_altar, uniq_natasha, uniq_terence,
          uniq_crazy_yiuf_cottage
D:3:      layout_loops_cross, grunt_temple_overflow_champion_of_chaos,
          lightli_sewer_entry_pipes
D:4:      mumra_celtic_spiral_tile, layout_basic, grunt_ministairs_1,
          kennysheep_dice
D:5:      layout_loops_corners, lemuel_coloured_pillars_altar,
          mainiacjoe_overflow_catwalk
D:6:      layout_gridville, temple_green, uniq_maggie, uniq_menkaure
D:7:      layout_cave_pools, gammafunk_ghost_smash
D:8:      layout_gridville, dpeg_oklobed_lair, serial_shops, shop,
          nicolae_shop_peninsula, minmay_misc_feat_enclosed,
          nicolae_shop_national_dungeon_mall
D:9:      layout_rooms, nzn_sisyphean_effort

Skill      XL: |  1  2  3  4  5  6  7  8  9 10 |
---------------+-------------------------------+-----
Invocations    | 1 2 3 4 5 6 |  6.1
Short Blades   | 1 2 3 4 5 |  5.6
Long Blades    | 1 2 3 4 5 |  5.6
Axes           | 1 2 3 4 5 |  5.6
Maces & Flails | 1 2 3 4 5 |  5.6
Polearms       | 1 2 3 4 5 |  5.6
Staves         | 1 2 3 4 5 |  5.6
Ranged Weapons | 1 2 3 4 5 |  5.6
Throwing       | 1 2 3 4 5 |  5.6
Armour         | 1 2 3 4 5 |  5.6
Stealth        | 1 2 3 4 5 |  5.6
Shields        | 1 2 3 4 5 |  5.6
Spellcasting   | 1 2 3 4 5 |  5.6
Evocations     | 1 2 3 4 5 |  5.6
Conjurations   | 1 2 3 4 |  4.6
Hexes          | 1 2 3 4 |  4.6
Summonings     | 1 2 3 4 |  4.6
Necromancy     | 1 2 3 4 |  4.6
Translocations | 1 2 3 4 |  4.6
Transmutations | 1 2 3 4 |  4.6
Fire Magic     | 1 2 3 4 |  4.6
Ice Magic      | 1 2 3 4 |  4.6
Air Magic      | 1 2 3 4 |  4.6
Earth Magic    | 1 2 3 4 |  4.6
Poison Magic   | 1 2 3 4 |  4.6
Fighting       | 3 4 5 6 |  6.2
Dodging        | 5 6 7 |  7.3
Unarmed Combat | 7 8 |  8.7
Shapeshifting  | 7 8 |  8.4

Action                     |  1- 3 |  4- 6 |  7- 9 | 10-12 || total
---------------------------+-------+-------+-------+-------++-------
  Melee: Unarmed           |    56 |   174 |   338 |   152 ||   720
         Bite              |     1 |    12 |    39 |    19 ||    71
         Punch             |     4 |     2 |       |       ||     6
    Use: Scroll            |       |     4 |    10 |     1 ||    15
         Potion            |       |       |     1 |       ||     1
   Stab: Sleeping          |       |       |     1 |     1 ||     2
 Armour: Animal skin       |    13 |       |       |       ||    13
         Chain mail        |    16 |    79 |    64 |       ||   159
         Swamp dragon scal |       |       |   155 |   121 ||   276
  Dodge: Dodged            |    31 |    48 |   169 |    95 ||   343
  Block: Kite shield       |       |    48 |    69 |       ||   117
   Form: Flux              |       |       |     1 |       ||     1

Table legend: (Time is in decaauts)
 A = Elapsed time spent in this place.
 B = Non-inter-level travel time spent in this place.
 C = Inter-level travel time spent in this place.
 D = Time resting spent in this place.
 E = Time spent auto-exploring this place.
 F = Levels seen in this place.
 G = Mean time per level.
                   A        B        C        D        E       F      G
               +--------+--------+--------+--------+--------+-----+--------+
         Total |   9497 |   9070 |    427 |     31 |   7097 |  10 |  949.7 |
       Dungeon |   9134 |   8707 |    427 |     31 |   6842 |   9 | 1014.9 |
         Sewer |    362 |    362 |      0 |      0 |    254 |   1 |  362.0 |
               +--------+--------+--------+--------+--------+-----+--------+

Top non-repeatable levels by time:
     D:8: 1553 daAuts
     D:6: 1539 daAuts
     D:4: 1327 daAuts
     D:5: 1089 daAuts
     D:2: 906 daAuts
     D:3: 824 daAuts
     D:7: 762 daAuts
     D:9: 675 daAuts
     D:1: 455 daAuts
   Sewer: 362 daAuts
